 Dungeon Sprint DCSS version 0.30-b1-7-gcb88a99046 (webtiles) character file.

Game seed: 7583051896743496575

393 dialectric the Protected (level 6, -2/48 HPs)
             Began as a Gargoyle Fighter on May 5, 2023.
             Slain by a neqoxec (8 damage)
             ... in the Dungeon (Sprint II: "The Violet Keep of Menkaure").
             The game lasted 00:00:28 (46 turns).

dialectric the Protected (Gargoyle Fighter)           Turns: 46, Time: 00:00:29

Health: -2/48      AC: 13    Str: 20    XL:     6   Next: 81%
Magic:  6/6        EV: 10    Int:  6    God:
Gold:   0          SH:  0    Dex:  7    Spells: 5/5 levels left

rFire   . . .        a - +0 flail
rCold   x . .        (no shield)
rNeg    + . .        b - +0 scale mail
rPois   ∞            (no helmet)
rElec   +            (no cloak)
rCorr   .            (no gloves)
SInv    .            (no boots)
Will    .....        (no amulet) Stlth
                     (no ring)
HPRegen 0.00/turn    (no ring)
MPRegen 0.10/turn

%: no teleportation, random rage (9%)
@: on berserk cooldown, inhibited regen, slowed, very slow
A: sickness immunity, AC +4, negative energy resistance 1, electricity
resistance, torment resistance 1, petrification resistance, berserk 2, clumsy 1,
dopey 1, inhibited regeneration, weak 1, cold vulnerability 1, sturdy frame 1,
devolution 1
a: no special abilities


You were in the Dungeon.
You visited 1 branch

Inventory:

Hand Weapons
 a - a +0 flail (weapon)
Armour
 b - a +0 scale mail (worn)
 c - a +0 buckler
Scrolls
 j - a scroll of blinking
Potions
 d - a potion of might
 g - a potion of haste
 h - 2 potions of magic


   Skills:
 + Level 9.8 Fighting
 + Level 7.5 Maces & Flails
 + Level 10.1 Armour
 - Level 3.2 Shields


You had 5 spell levels left.
You didn't know any spells.
Your spell library was empty.

Dungeon Overview and Level Annotations

Branches:
Dungeon (1/1)

Altars:


Innate Abilities, Weirdness & Mutations

You are immune to sickness and miasma.
Your stone body is resilient. (AC +4)
You are immune to poison.
You resist negative energy. (rN+)
You are resistant to electric shocks. (rElec)
You are resistant to unholy torment.
You are immune to petrification.
You have an uncontrollable temper.
You are clumsy. (Dex -2)
You are dopey. (Int -2)
You do not regenerate when monsters are visible.
You are weak. (Str -2)
You are vulnerable to cold. (rC-)
Your movements are slightly less encumbered by armour. (ER -2)
You have hidden genetic defects.


Message History

Your Fighting skill increases to level 9!
Your Maces & Flails skill increases to level 7!
Your Armour skill increases to level 10!
You feel better.
The neqoxec hits you but does no damage.
You miss the neqoxec.
The neqoxec hits you but does no damage.
The neqoxec hits you.
You sock the neqoxec!
The neqoxec is moderately wounded.
The neqoxec gestures at you.
Strange energies course through your body.
You feel extremely angry at everything!
You hit the neqoxec.
The neqoxec is heavily wounded.
The neqoxec hits you but does no damage.
The neqoxec gestures at you.
Strange energies course through your body.
You feel clumsy.
You barely miss the neqoxec.
The neqoxec is heavily wounded.
The neqoxec barely misses you.
You hit the neqoxec.
The neqoxec is severely wounded.
The neqoxec gestures at you.
Strange energies course through your body.
You feel a hidden malignance growing inside you.
The neqoxec gestures at you.
Strange energies course through your body.
You feel stupid.
You closely miss the neqoxec.
The neqoxec is heavily wounded.
The neqoxec hits you!
* * * LOW HITPOINT WARNING * * *
You closely miss the neqoxec.
The neqoxec is heavily wounded.
The neqoxec hits you.
* * * LOW HITPOINT WARNING * * *
The neqoxec hits you!
You die...

# #. #+#
#..##.##
#$3@<.+
#.##.##
#. #+# #


You could see a neqoxec.

Vanquished Creatures
  3 neqoxecs (D)
3 creatures vanquished.

Notes
Turn   | Place    | Note
-------+----------+-------------------------------------------
     0 | D        | dialectric the Gargoyle Fighter began the quest for the
                  | Orb.
     0 | D        | Reached XP level 1. HP: 14/14 MP: 1/1
     8 | D        | Noticed a neqoxec
     8 | D        | Noticed a neqoxec
     8 | D        | Noticed a neqoxec
     8 | D        | Noticed a neqoxec
    12 | D        | Gained mutation: You are weak. (Str -2) [a neqoxec]
    19 | D        | Killed a neqoxec
    20 | D        | Reached skill level 7 in Armour
    20 | D        | Reached XP level 2. HP: 13/24 MP: 2/2
    20 | D        | Reached XP level 3. HP: 15/28 MP: 3/3
    20 | D        | Reached XP level 4. HP: 18/34 MP: 4/4
    20 | D        | Reached XP level 5. HP: 20/38 MP: 5/5
    26 | D        | Killed a neqoxec
    27 | D        | Reached skill level 9 in Armour
    27 | D        | Reached XP level 6. HP: 36/45 MP: 6/6
    30 | D        | Gained mutation: You sometimes lose your temper in combat.
                  | [a neqoxec]
    32 | D        | Gained mutation: Your movements are slightly less
                  | encumbered by armour. (ER -2) [a neqoxec]
    36 | D        | Gained mutation: You are vulnerable to cold. (rC-) [a
                  | neqoxec]
    37 | D        | Gained mutation: You do not regenerate when monsters are
                  | visible. [a neqoxec]
    38 | D        | Killed a neqoxec
    39 | D        | Reached skill level 10 in Armour
    41 | D        | Gained mutation: You have an uncontrollable temper. [a
                  | neqoxec]
    42 | D        | Gained mutation: You are clumsy. (Dex -2) [a neqoxec]
    44 | D        | Gained mutation: You have hidden genetic defects. [a
                  | neqoxec]
    44 | D        | Gained mutation: You are dopey. (Int -2) [a neqoxec]
    46 | D        | Slain by a neqoxec

Illustrated notes

Levels and vault maps discovered:
D:        the_violet_keep_of_menkaure [sprint2_stairs_cluster_1,
          sprint2_shoproom, sprint2_temple, sprint2_basic_supplies,
          sprint2_obstacle_1, sprint2_obstacle_5, sprint2_obstacle_6,
          sprint2_obstacle_4, sprint2_obstacle_3, sprint2_timed_cluster_1,
          sprint2_smallroom_cluster_1, sprint2_smallroom_final_cluster_1,
          sprint2_transparent_cluster_1, sprint2_second_timed_cluster_1,
          sprint2_sniper_area_1, sprint2_heavy_combat_area_1,
          sprint2_mutation_trap_area_1, sprint2_forest_area_1,
          sprint2_light_combat_area_1, sprint2_behind_water_1,
          sprint2_near_end_vault_1]

Skill      XL: |  1  2  3  4  5  6 |
---------------+-------------------+-----
Fighting       | 7 8 9 |  9.8
Maces & Flails | 4 6 7 |  7.5
Armour         | 7 9 10 | 10.1
Shields        | |  3.2

Action                     |  1- 3 |  4- 6 || total
---------------------------+-------+-------++-------
  Melee: Flail             |    10 |    25 ||    35
    Use: Potion            |     1 |     2 ||     3
 Armour: Scale mail        |     1 |    10 ||    11
  Dodge: Dodged            |     1 |     4 ||     5
